 Dungeon Crawl Stone Soup version 0.17-a0-2208-ge5ab1d3 (webtiles) character file.

89 Geeful the Ruffian (level 4, 40/40 HPs)
             Began as a Ghoul Monk on Oct 26, 2015.
             Safely got out of the dungeon.
             The game lasted 00:03:44 (1507 turns).

Geeful the Ruffian (Ghoul Monk)                     Turns: 1507, Time: 00:03:44

Health: 40/40      AC:  4    Str: 14    XL:     4   Next: 55%
Magic:  3/3        EV: 13    Int:  5    God:
Gold:   85         SH:  0    Dex: 12    Spells: 0 memorised, 3 levels left

rFire  . . .     SeeInvis .       - Unarmed
rCold  + . .     Clarity  .     a - +0 robe
rNeg   + + +     SustAt   .     (no shield)
rPois  ∞         Gourm    .     (no helmet)
rElec  .         Spirit   .     (no cloak)
rCorr  .         Warding  .     l - +1 pair of gloves
rMut   .         Stasis   .     (no boots)
MR     .....                    (no amulet)
Stlth  ++........               (no ring)
                                d - ring of invisibility

@: rotting, not resistant to hostile enchantments, unstealthy
A: rotting body, claws 1, carnivore 3, cold resistance 1, negative energy
resistance 3, slow regeneration 1, torment resistance, unbreathing
a: Evoke Invisibility


You escaped.
You were hungry.

You visited 1 branch of the dungeon, and saw 2 of its levels.

You collected 85 gold pieces.

Inventory:

Armour
 a - a +0 robe (worn)
 l - a +1 pair of gloves (worn)
Jewellery
 d - a ring of invisibility (left hand)
Scrolls
 c - a scroll of teleportation {unknown}
 e - a scroll of fog {unknown}
 f - a scroll of enchant armour {unknown}
 h - a scroll of identify {unknown}
 i - a scroll of recharging {unknown}
Potions
 g - a potion of ambrosia {unknown}
 j - a potion of poison {unknown}
Comestibles
 b - 2 meat rations
 k - a slice of pizza


   Skills:
 + Level 4.2 Fighting
 + Level 3.3 Dodging
 - Level 2.1 Stealth
 + Level 5.2 Unarmed Combat


You had 3 spell levels left.
You didn't know any spells.

Dungeon Overview and Level Annotations

Branches:
Dungeon (2/15)

Altars:
Gozag


Innate Abilities, Weirdness & Mutations

Your body is rotting away.
You thrive on raw meat.
You are immune to poison.
You have sharp fingernails.
You are carnivorous and can eat meat at any time.
Your flesh is cold resistant.
You are immune to negative energy.
You regenerate slowly when monsters are visible.
You are immune to unholy pain and torment.
You can survive without breathing.


Message History

You see here a pair of runed gloves.
l - a pair of runed gloves Wear which item? (? for menu, Esc to quit)
You start putting on your armour.
You continue putting on your pair of runed gloves. x4
You finish putting on your +1 pair of gloves.
(D) Dungeon
Where to? (Enter - D:2, ? - help)
You are feeling hungry.
You see here a club.
(D) Dungeon
Where to? (Enter - D:1, ? - help)
There is an open door here.
There is an open door here.
There is a stone staircase leading up here.
You climb upwards.
There is a stone staircase leading down here.
There is a staircase leading out of the dungeon here.
Are you sure you want to leave the Dungeon?
This will make you lose the game!
You have escaped!

...#........##'#.###...##.## #
...#........###...##......# #
...#......#.##.....'##..#.# #
...##########.......##..#.# #
############.(.......##.#.# #
#.#...##.......(...##..## # #
##.....#.............#...## # #
#......#.............#....## #
###.##...#......@......#.....# #
.#..##...#.............#....## #
...#######.............#...## #
...# ###'...........##...### #
#.## #..##.........##......# #
### #..###...(...##.##..#.# #
..######..# ##.....###..##.#.####
#....##...# ###.#'#.##.##.....>.
#..#.....#####.#.#...##......####


There were no monsters in sight!

Vanquished Creatures
  Jessica (D:2)
  3 adders (D:2)
  A worm (D:2)
  2 giant geckos (D:1)
  A ball python (D:1)
  8 bats
  3 giant cockroaches
  2 goblins
  5 hobgoblins
  A giant newt (D:1)
  3 kobolds (D:2)
30 creatures vanquished.

Notes
Turn   | Place    | Note
--------------------------------------------------------------
     0 | D:1      | Geeful the Ghoul Monk began the quest for the Orb.
     0 | D:1      | Reached XP level 1. HP: 19/19 MP: 0/0
    57 | D:1      | Reached XP level 2. HP: 26/26 MP: 1/1
   650 | D:2      | Found an opulent altar of Gozag.
   663 | D:2      | Reached XP level 3. HP: 19/33 MP: 2/2
   859 | D:2      | Noticed Jessica
   864 | D:2      | Killed Jessica
   864 | D:2      | Reached skill level 5 in Unarmed Combat
   907 | D:2      | Reached XP level 4. HP: 30/40 MP: 3/3
  1507 | D:$      | Safely got out of the dungeon.

Vault maps used:
D:1:      lemuel_arrival_rhombus, serial_curves, eino_curves_03, eino_curves_03,
          eino_curves_04, eino_curves_03, roderic_hopi_sauvastika,
          item_on_display_a
D:2:      nicolae_gozag_cash_rules_everything_around_me, uniq_jessica, uniq_iyjb

Action                   |  1- 3 |  4- 6 || total
-------------------------+-------+-------++-------
Melee: Unarmed           |    74 |    36 ||   110
 Stab: Sleeping          |     3 |     1 ||     4
  Eat: Chunk             |     2 |       ||     2
